 Dungeon Crawl Stone Soup version 0.24-a0-164-g56e1b8f (console) character file.

Game seed: 12993773630268172132

51 Duffy the Chopper (level 3, -2/32 HPs)
             Began as a Naga Gladiator on Mar 6, 2019.
             Slain by a hound (4 damage)
             ... on level 4 of the Dungeon.
             The game lasted 00:01:05 (1921 turns).

Duffy the Chopper (Naga Gladiator)                  Turns: 1921, Time: 00:01:05

Health: -2/32      AC:  3    Str: 16    XL:     3   Next: 81%
Magic:  3/3        EV: 10    Int:  9    God:
Gold:   91         SH:  0    Dex: 12    Spells: 2/2 levels left

rFire    . . .     SeeInvis +   a - +0 war axe
rCold    . . .     Gourm    .   (no shield)
rNeg     . . .     Faith    .   b - +0 leather armour
rPois    +         Spirit   .   c - +0 helmet
rElec    .         Reflect  .   (no cloak)
rCorr    .         Harm     .   (no gloves)
MR       .....                  (no barding)
Stlth    +.........             (no amulet)
HPRegen  0.10/turn              (no ring)
MPRegen  0.08/turn              (no ring)

@: short of breath, very slow
A: large, see invisible, deformed body, poison resistance, slowness 2, slow
metabolism 1, spit poison 1, AC +1
a: Spit Poison


You were on level 4 of the Dungeon.
You were not hungry.

You visited 1 branch of the dungeon, and saw 4 of its levels.

You collected 91 gold pieces.

Inventory:

Hand Weapons
 a - a +0 war axe (weapon)
Missiles
 d - 3 throwing nets (quivered)
Armour
 b - a +0 leather armour (worn)
 c - a +0 helmet (worn)
Jewellery
 g - an uncursed ring of fire
Scrolls
 e - a scroll of enchant armour {unknown}
 h - a scroll of identify {unknown}
 i - 2 scrolls of fear {unknown}
Potions
 j - a potion of mutation {unknown}
 k - a potion of berserk rage {unknown}
 l - a potion of flight {unknown}
 m - a potion of curing {unknown}
 o - a potion of might {unknown}
Comestibles
 f - 6 rations
 n - 3 chunks of flesh


   Skills:
 - Level 2.0 Fighting
 + Level 4.6 Axes
 - Level 1.7 Throwing
 - Level 2.4 Dodging


You had 2 spell levels left.
You didn't know any spells.
Your spell library was empty.

Dungeon Overview and Level Annotations

Branches:
Dungeon (4/15)
 Temple: D:4-7

Altars:


Innate Abilities, Weirdness & Mutations

You cannot wear boots.
Your serpentine skin is tough. (AC +1)
You have supernaturally acute eyesight. (SInv)
Armour fits poorly on your strangely shaped body.
Your system is resistant to poisons. (rPois)
You cover ground very slowly.
You have a slow metabolism.
You can spit poison.


Message History

The gnoll barely misses you. The hound closely misses you. The hound bites you.
The hound bites you but does no damage. The hound bites you but does no damage.
The gnoll barely misses you.
There is a stone staircase leading down here.
The hound barely misses you. The hound bites you but does no damage.
The gnoll hits you with a +0 club!
You climb downwards.
There is a stone staircase leading up here.
Press: ? - help, Shift-Dir - straight line, f - gnoll
Aim: a gnoll, wielding a +0 club (moderately wounded)
The splash of poison hits the gnoll.
The gnoll is heavily wounded.
You feel slightly more hungry. The hound bites you but does no damage.
The gnoll closely misses you.
You barely miss the gnoll.
The gnoll is heavily wounded.
You barely miss the hound. The hound bites you.
You die...

######
.....
#...
#..
#g#
#@#
#h#
..#
.#.#
.....
.. #.#
#..
#.# ..
..#


You could see a hound and a gnoll.

Vanquished Creatures
  An adder (D:3)
  A worm (D:2)
  A dart slug (D:1)
  An orc (D:3)
  7 bats
  A giant cockroach (D:1)
  7 goblins
  5 hobgoblins
  A quokka (D:3)
  2 frilled lizards (D:1)
  5 kobolds
32 creatures vanquished.

Notes
Turn   | Place    | Note
-------+----------+-------------------------------------------
     0 | D:1      | Duffy the Naga Gladiator began the quest for the Orb.
     0 | D:1      | Reached XP level 1. HP: 19/19 MP: 1/1
   227 | D:1      | Reached XP level 2. HP: 26/26 MP: 2/2
   933 | D:1      | Reached skill level 4 in Axes
  1044 | D:2      | Reached XP level 3. HP: 15/32 MP: 3/3
  1918 | D:3      | HP: 1/32 [gnoll/+0 club (8)]
  1921 | D:4      | Slain by a hound

Levels and vault maps discovered:
D:1:      lemuel_arrival_tunnels, layout_basic
D:2:      layout_basic, serial_curves, eino_curves_03, eino_curves_03,
          eino_curves_03, eino_curves_01
D:3:      layout_basic, nicolae_ru_great_annihilating_truth
D:4:      layout_basic, first_ration, minmay_misc_feat_rows, uniq_blork_the_orc,
          uniq_natasha

Skill      XL: |  1  2 |
---------------+-------+-----
Axes           | 4 |  4.6
Fighting       | |  2.0
Throwing       | |  1.7
Dodging        | |  2.4

Action                   || total
-------------------------++-------
Melee: War axe           ||    97
 Abil: Spit Poison       ||     4
 Stab: Sleeping          ||     1
  Eat: Chunk             ||     2
Armor: Leather armour    ||    52
Dodge: Dodged            ||    92

Table legend:
 A = Non-vault XP
 B = Vault XP
 C = Vault XP percentage of total XP
 D = Non-vault monster count
 E = Vault monster count
 F = Vault count percentage of total count
                 A         B        C        D         E       F
            +---------+---------+-------+---------+---------+-------
      Total |      73 |       0 |   0.0 |      32 |       0 |   0.0
            +---------+---------+-------+---------+---------+-------
        D:1 |      29 |       0 |   0.0 |      16 |       0 |   0.0
        D:2 |      12 |       0 |   0.0 |       5 |       0 |   0.0
        D:3 |      32 |       0 |   0.0 |      11 |       0 |   0.0
            +---------+---------+-------+---------+---------+-------
